 Dungeon Crawl Stone Soup version 0.31-a0-431-g88bdf31460 (webtiles) character file.

Game seed: 1757470306836902517

219 Midn8 the Slasher (level 5, -2/46 HPs)
             Began as a Draconian Delver on July 31, 2023.
             Was a Follower of Ashenzari.
             Slain by an ogre
             ... wielding a +0 giant club
              (17 damage)
             ... on level 5 of the Dungeon.
             The game lasted 00:14:58 (4050 turns).

Midn8 the Slasher (Draconian Delver)                Turns: 4050, Time: 00:14:59

Health: -2/46      AC:  6    Str: 14    XL:     5   Next: 64%
Magic:  5/5        EV: 12    Int: 11    God:    Ashenzari [*.....]
Gold:   164        SH:  0    Dex: 14    Spells: 4/4 levels left

rFire   + . .        a - +0 falchion "Oracular Liberalism" {Self, Comp} (curse)
rCold   . . .        (no shield)
rNeg    . . .        (body armour unavailable)
rPois   .            (helmet restricted)
rElec   .            k - scarf "Shackled Augurer" {+Inv, Dev, Elem} (curse)
rCorr   .            u - +0 pair of gloves
SInv    .            (no boots)
Will    .....        (no amulet)
Stlth   +++          y - ring of protection from fire
HPRegen 0.27/turn    (no ring)
MPRegen 0.09/turn

%: no passive effects
@: studying Earth Magic
A: AC +5, unfitting armour, cold-blooded
a: Renounce Religion, Evoke Invisibility, Curse Item, Shatter the Chains


You were on level 5 of the Dungeon.
You worshipped Ashenzari.
Ashenzari was aware of your devotion.
You visited 1 branch of the dungeon, and saw 5 of its levels.

You collected 248 gold pieces.
You spent 84 gold pieces at shops.

Inventory:

Hand Weapons
 a - the cursed +0 falchion "Oracular Liberalism" (weapon) {Self, Comp}

   It has a curse which improves the following skills: Introspection: Fighting
   and Spellcasting.
   Companions: Summonings and Necromancy.
 l - a +0 orcbow
Missiles
 m - 4 curare-tipped darts
 q - 10 poisoned darts
Armour
 k - the cursed scarf "Shackled Augurer" (worn) {+Inv, Dev, Elem}
   (You found it on level 4 of the Dungeon)

   It has a curse which improves the following skills: Devices: Evocations and
   Shapeshifting.
   Elements:  Fire Magic, Ice Magic, Air Magic and Earth Magic.
 r - a +0 cloak
 u - a +0 pair of gloves (worn)
Jewellery
 j - a ring of ice
 y - a ring of protection from fire (left hand)
Talismans
 p - a beast talisman
Wands
 f - a wand of digging (3)
 g - a wand of paralysis (6)
Scrolls
 b - 2 scrolls of fog
 c - a scroll of revelation
 d - 3 scrolls of fear
 i - 5 scrolls of identify
 n - 2 scrolls of poison
 t - 2 scrolls of blinking
 v - a scroll of teleportation
 w - a scroll of enchant armour
 B - a scroll of enchant weapon
Potions
 e - a potion of invisibility
 h - 2 potions of degeneration
 o - 3 potions of lignification
 s - 2 potions of magic
 x - 4 potions of curing
 z - a potion of mutation
 A - a potion of haste


   Skills:
 - Level 3.2(4.0) Fighting
 + Level 5.4 Long Blades
 - Level 2.0 Throwing
 - Level 1.7 Dodging
 - Level 4.5 Stealth


You had 4 spell levels left.
You didn't know any spells.
Your spell library contained the following spells:

 Spells                   Type           Power      Damage    Failure   Level
 Cigotuvi's Dreadful Rot  Necr/Pois/Air  0%         N/A       47%         2
 Hailstorm                Conj/Ice       0%         3d3       71%         3
 Ignite Poison            Fire/Tmut/Pois 0%         N/A       71%         3
 Summon Ice Beast         Ice/Summ       0%         N/A       98%         4
 Freezing Cloud           Conj/Ice/Air   0%         6-21      100%        5
 Simulacrum               Ice/Necr       0%         N/A       100%        6


Dungeon Overview and Level Annotations

Branches:
Dungeon (5/15)
 Temple: D:4-7

Altars:
Ashenzari
Gozag
Hepliaklqana
Vehumet
Xom
Yredelemnul
The Shining One

Shops:
D:1 [   D:2 (*?

Annotations:
D:3 3 runed translucent doors, exclusion: orc, PailKail's ghost, weakling TrSh; Terence


Innate Abilities, Weirdness & Mutations

Your plain brown scales are hard. (AC +5)
You cannot fit into any form of body armour.
You are cold-blooded and may be slowed by cold attacks.


Message History

The ufetubus is heavily wounded.
The ufetubus hits you but does no damage.
The ufetubus closely misses you.
You closely miss the ufetubus.
You tail-slap the ufetubus, but do no damage.
The ufetubus is heavily wounded.
The ufetubus closely misses you. The ufetubus barely misses you.
The ufetubus misses you. The ufetubus closely misses you.
You closely miss the ufetubus. You tail-slap the ufetubus.
You kill the ufetubus!
No target in view!
No target in view!
o - 3 potions of lignification (gained 1)
Found a +0 robe.
HP restored.
You see here a +0 robe.
You now have 164 gold pieces (gained 11).
An ogre comes into view. It is wielding a +0 giant club.
The ogre shouts!
Aiming: Paralyse
Press: ? - help, Shift-Dir - straight line, f - ogre
Aim: an ogre, wielding a +0 giant club (chance to affect: 49%)
The ogre suddenly stops moving!
The helpless ogre fails to defend itself.
You slash the ogre!
The ogre is moderately wounded.
The helpless ogre fails to defend itself.
You hit the ogre.
The ogre is moderately wounded.
The ogre is no longer paralysed.
The ogre misses you.
You barely miss the ogre.
The ogre is moderately wounded.
The ogre hits you with a +0 giant club!!
Ouch! That really hurt!
You completely miss the ogre.
The ogre is moderately wounded.
You hit the ogre.
The ogre is heavily wounded.
The ogre hits you with a +0 giant club!
You die...

#.##.#.###.#..#
##.##.#.##.#...#
#.............#
#.########...#.#
##.## ###.###
#.....# #.....#
#..@..# #...O.#
...........
####.###.#### #.
.# #. .# .. .# .


You could see an ogre.

Vanquished Creatures
  Natasha (thrice) (D:3)
  An orc wizard (D:4)
  Robin (D:4)
  3 adders
  An ufetubus (D:5)
  A worm (D:2)
  2 dart slugs
  An orc (D:4)
  5 ball pythons
  6 endoplasms
  7 hobgoblins
  4 jackals (D:2)
  8 kobolds
  7 quokkas
  4 bats
  3 frilled lizards
  8 goblins
  4 rats
69 creatures vanquished.

Notes
Turn   | Place    | Note
-------+----------+-------------------------------------------
     0 | D:5      | Midn8 the Draconian Delver began the quest for the Orb.
     0 | D:5      | Reached XP level 1. HP: 19/19 MP: 1/1
     7 | D:5      | Found a shimmering altar of Xom.
    45 | D:4      | Found a broken altar of Ashenzari.
    50 | D:4      | Became a worshipper of Ashenzari the Shackled
   175 | D:3      | Noticed Natasha
   322 | D:4      | Found an opulent altar of Gozag.
   364 | D:4      | Found a basalt altar of Yredelemnul.
   420 | D:3      | Noticed Robin
   429 | D:4      | Killed Robin
   430 | D:4      | Reached XP level 2. HP: 18/26 MP: 2/2
   432 | D:4      | Reached skill level 3 in Long Blades
   580 | D:2      | Found Noodibul's Antique Weapon Boutique.
   634 | D:2      | Reached XP level 3. HP: 22/31 MP: 3/3
   941 | D:1      | Reached * piety under Ashenzari
   943 | D:1      | Found Habesuplo's Antique Armour Shoppe.
  1340 | D:1      | Reached skill level 1 in Throwing
  1889 | D:2      | Reached XP level 4. HP: 40/40 MP: 4/4
  2014 | D:2      | Found Ugoasogg's Magic Scroll Boutique.
  2058 | D:2      | Found a hazy altar of Hepliaklqana.
  2112 | D:2      | Bought a scroll of teleportation for 33 gold pieces
  2349 | D:2      | Found Affokh's Assorted Antiques.
  2353 | D:2      | Bought a scroll labelled YNERY XUURU for 27 gold pieces
  2353 | D:2      | Bought an amethyst potion for 24 gold pieces
  2449 | D:3      | Killed Natasha
  2450 | D:3      | Reached skill level 4 in Long Blades
  2758 | D:3      | Found a runed translucent gate.
  2758 | D:3      | Found a runed translucent gate.
  2759 | D:3      | Found a runed translucent gate.
  2844 | D:3      | Noticed Terence
  2915 | D:3      | Noticed PailKail's ghost (weakling TrSh)
  3074 | D:3      | Found a glowing golden altar of the Shining One.
  3227 | D:3      | Noticed Natasha
  3235 | D:3      | Killed Natasha
  3236 | D:3      | Reached XP level 5. HP: 46/46 MP: 5/5
  3328 | D:3      | Noticed Natasha
  3337 | D:3      | Killed Natasha
  3411 | D:3      | Found a radiant altar of Vehumet.
  3704 | D:4      | Reached skill level 5 in Long Blades
  4039 | D:5      | Noticed an ogre
  4050 | D:5      | Slain by an ogre

Illustrated notes

Levels and vault maps discovered:
D:1:      minmay_arrival_cross, layout_basic, serial_shops, shop,
          chequers_serial_rivers_room_a, roderic_lattice_a
D:2:      layout_loops_ring, serial_shops, nicolae_shop_stone,
          nicolae_shop_rolled_up, nicolae_shop_waterfront, basic_altar
D:3:      layout_loops_corners, mainiacjoe_overflow_chevrons,
          fiery_altar_vehumet, ebering_ghost_rock_garden, uniq_natasha,
          uniq_terence, uniq_robin
D:4:      layout_rooms, mainiacjoe_overflow_surrounded_room,
          mainiacjoe_overflow_six_doors_small, yredelemnul_altar_generic,
          kennysheep_small_circle
D:5:      corexii_shack_village, layout_loops_cross, led_xom_imps, serial_shops,
          nicolae_shop_stone, dreamdust_gnoll_farm

Skill      XL: |  1  2  3  4  5 |
---------------+----------------+-----
Long Blades    | 3 4 5 |  5.4
Throwing       | 1 2 |  2.0
Fighting       | |  3.2
Dodging        | |  1.7
Stealth        | |  4.5

Action                     |  1- 3 |  4- 6 || total
---------------------------+-------+-------++-------
  Melee: Falchion          |   126 |   122 ||   248
         Tailslap          |    21 |     9 ||    30
         Punch             |       |     1 ||     1
 Invoke: Curse Item        |     2 |       ||     2
  Evoke: Wand              |       |     3 ||     3
    Use: Potion            |     1 |       ||     1
   Stab: Sleeping          |    11 |     8 ||    19
         Paralysed         |       |     3 ||     3
 Armour: Skin              |    29 |    51 ||    80
  Dodge: Dodged            |    80 |    73 ||   153

Table legend: (Time is in decaauts)
 A = Elapsed time spent in this place.
 B = Non-inter-level travel time spent in this place.
 C = Inter-level travel time spent in this place.
 D = Time resting spent in this place.
 E = Time spent auto-exploring this place.
 F = Levels seen in this place.
 G = Mean time per level.
                   A        B        C        D        E       F      G
               +--------+--------+--------+--------+--------+-----+--------+
         Total |   4069 |   3817 |    252 |    435 |   2275 |   5 |  813.8 |
       Dungeon |   4069 |   3817 |    252 |    435 |   2275 |   5 |  813.8 |
               +--------+--------+--------+--------+--------+-----+--------+

Top non-repeatable levels by time:
     D:3: 1326 daAuts
     D:1: 993 daAuts
     D:2: 930 daAuts
     D:4: 657 daAuts
     D:5: 160 daAuts
